Cogmind - Beta 14 @@@ ROGUE MODE // 2024.08.17 @ 16:58:32 Player: RedTheSorceress Result: Destroyed by 8R-AWN with 8R-AWN's Boregun Performance ------------- Evolutions (0) 0 Regions Visited (3) 600 Robots Destroyed (19) 95 Value Destroyed (337) 337 Prototype IDs (26) 520 Alien Tech Used (0) 0 Bonus (-564) -564 TOTAL SCORE: 988 Bonus ------- Aligned with FarCom 300 Friendly Fire -864 Cogmind --------- Core Integrity 0/250 Matter 111/300 Energy 100/100 System Corruption 0% Temperature Cool (0) Movement Treading (240) Ox1 Location -10/Exiles Parts ------- > --- POWER (1) -------- (None) > --- PROPULSION (2) --- Improved Treads Improved Treads > --- UTILITY (2) ------ High-capacity Storage Unit Light Armor Plating > --- WEAPON (2) ------- Assault Rifle Assault Rifle > --- INVENTORY (20) --- Light Treads Light Treads Light Treads Improved Treads Improved Treads Improved Targeting Computer Light Armor Plating Particle Gun Assault Rifle Light Assault Rifle Light Assault Rifle Light Assault Rifle Grenade Launcher Grenade Launcher Grenade Launcher Peak State ------------ > --- POWER ------------ Light Nuclear Core > --- PROPULSION ------- Light Treads Improved Treads > --- UTILITY ---------- High-capacity Storage Unit Light Armor Plating > --- WEAPON ----------- Particle Gun Assault Rifle > --- INVENTORY -------- Light Treads Light Treads Light Treads Improved Treads Improved Treads Improved Treads Lightpack 2.0 Light Armor Plating Light Armor Plating Light Armor Plating Assault Rifle Assault Rifle Assault Rifle XL Autogun Array Grenade Launcher [Rating: 19] Favorites ----------- Power Light Nuclear Core Engine Light Ion Engine Power Core Light Nuclear Core Propulsion Light Treads Treads Light Treads Leg Aluminum Leg Utility Light Armor Plating Device Improved Terrain Scanner Storage High-capacity Storage Unit Processor Improved Targeting Computer Protection Light Armor Plating Weapon Assault Rifle Energy Gun Particle Gun Ballistic Gun Assault Rifle Launcher Grenade Launcher Build | -11 -10 -10 -10 ------- Run | Yrd Mat Min Exi Slots Evolved . | . . . . Power . | . . . . Propulsion . | . . . . Utility . | . . . . Weapon . | . . . . Parts Attached 30 | 3 18 . 9 Power 2 | . 2 . . Engine 1 | . 1 . . Core 1 | . 1 . . Reactor . | . . . . Propulsion 12 | 2 9 . 1 Treads 12 | 2 9 . 1 Leg . | . . . . Wheel . | . . . . Hover . | . . . . Flight . | . . . . Utility 8 | 1 5 . 2 Device 2 | 1 1 . . Storage 2 | . 2 . . Processor 1 | . 1 . . Hackware . | . . . . Protection 3 | . 1 . 2 Artifact . | . . . . Weapon 8 | . 2 . 6 Energy Gun 2 | . 1 . 1 Energy Cannon . | . . . . Ballistic Gun 4 | . 1 . 3 Ballistic Cannon . | . . . . Launcher 2 | . . . 2 Special Weapon . | . . . . Impact Weapon . | . . . . Slashing Weapon . | . . . . Piercing Weapon . | . . . . Special Melee Weapon . | . . . . Unidentified Prototypes . | . . . . Parts Lost 5 | . . . 5 Power 1 | . . . 1 Propulsion 1 | . . . 1 Utility 2 | . . . 2 Weapon 1 | . . . 1 Highest Loss Streak 5 | . . . 5 To Critical Strikes 2 | . . . 2 Average Slot Usage (%) 99 | . 99 100 99 Engine 2 | . 7 . . Core 11 | . 6 14 13 Treads 27 | . 27 28 28 Storage 14 | . 14 14 14 Protection 12 | . 10 14 14 Energy Gun 13 | . 14 14 13 Ballistic Gun 13 | . 14 14 13 Peak Build Rating 19 | 9 13 13 19 Average Rating 12 | 7 11 13 13 On Entrance 10 | 6 9 13 13 Naked Turns . | . . . . Heaviest Build 54 | 12 53 53 54 Greatest Support 43 | 40 43 43 43 Greatest Overweight (x) 1 | . 1 1 1 Average Overweight (x) . | . . 1 1 Largest Inventory Capacity 20 | 8 20 20 20 Average Capacity 18 | 8 16 20 20 Most Carried 20 | 8 20 20 20 Average Carried 16 | 6 15 20 18 Final Capacity 20 | 8 20 20 20 Final Carried 20 | 8 20 20 15 Class Distribution -------------------- 100% | Mutant Dominant Class ---------------- Mutant | -10/Materials Mutant | -10/Mines Mutant | -10/Exiles Resources | -11 -10 -10 -10 ----------- Run | Yrd Mat Min Exi Matter Collected 710 | 242 312 . 156 Remotely . | . . . . Salvage Created 676 | 74 567 . 35 Parts 45 | 7 36 . 2 Haulers Intercepted 2 | . 2 . . Recyclers Shooed . | . . . . Parts Field Recycled . | . . . . Retrieved Matter . | . . . . Parts Self-Destructed . | . . . . Prevented . | . . . . Kills | -11 -10 -10 -10 ------- Run | Yrd Mat Min Exi Combat Hostiles Destroyed 11 | . 9 . 2 Guns 9 | . 9 . . AOE 2 | . . . 2 Classes Destroyed 8 | 2 5 . 1 Tunneler 1 | 1 . . . Hauler 2 | . 2 . . Recycler 3 | 1 2 . . Operator 2 | . 1 . 1 Watcher 2 | . 2 . . Swarmer 3 | . 3 . . Grunt 6 | . 6 . . Assembled 7 | . . . 7 Best Kill Streak 3 | 2 3 . 2 Combat Bots Only 3 | . 3 . 2 Max Kills in Single Turn 5 | 1 1 . 5 Gunslinging . | . . . . Exploded 1 | . . . 1 Melee . | . . . . Uniques/NPCs Destroyed . | . . . . Combat | -11 -10 -10 -10 -------- Run | Yrd Mat Min Exi Hostile Shots Fired 105 | . 38 . 67 Missed 14 | . 5 . 9 Damage Taken 1366 | . 364 . 1002 Core 263 | . 45 . 218 Absorbed by Shields . | . . . . Core Remaining (%) 100 | 100 . . . Volleys Fired 81 | 4 46 . 31 Largest 2 | 2 2 . 2 Hottest 85 | 60 85 . 60 Shots Fired 156 | 8 90 . 58 Gun 146 | 8 90 . 48 Cannon . | . . . . Launcher 10 | . . . 10 Special . | . . . . Kinetic 98 | 4 46 . 48 Thermal 48 | 4 44 . . Explosive 10 | . . . 10 Electromagnetic . | . . . . Robot Hit Streak 12 | 3 8 . 12 Robot Miss Streak 3 | 2 3 . 2 Penetration Max . | . . . . Secondary Targets 1 | . 1 . . Max Gunslinging Chain 1 | . 1 . . Shots Hit Robots 111 | 5 62 . 44 Core Hits 54 | 3 28 . 23 Critical Kills . | . . . . Critical Parts Destroyed . | . . . . Critical Strikes 1 | . 1 . . Burn 1 | . 1 . . Melee Attacks . | . . . . Impact . | . . . . Slashing . | . . . . Piercing . | . . . . Sneak Attacks . | . . . . Combat Hostiles . | . . . . Follow-up Attacks . | . . . . Damage Inflicted 1886 | 56 816 . 1014 Guns 1367 | 56 816 . 495 Cannons . | . . . . Explosions 519 | . . . 519 Melee . | . . . . Ramming . | . . . . Kinetic 958 | 23 440 . 495 Thermal 409 | 33 376 . . Explosive 519 | . . . 519 Electromagnetic . | . . . . Impact . | . . . . Slashing . | . . . . Piercing . | . . . . Highest Corruption . | . . . . Average Corruption . | . . . . Corruption Purged . | . . . . Corruption Blocked . | . . . . Overload Shots . | . . . . Overflow Damage 39 | . . . 39 Projectiles . | . . . . Explosions 39 | . . . 39 Melee . | . . . . Knockbacks . | . . . . Impact . | . . . . Kinetic . | . . . . Secondary . | . . . . Self-Inflicted Damage . | . . . . Shots . | . . . . Rammed . | . . . . Targets Rammed . | . . . . Kicked . | . . . . Crushed . | . . . . Highest Temperature 165 | . 165 . 130 Average Temperature 58 | . 58 . 60 Received Heat Transfer 289 | . 189 . 100 Siege Activations . | . . . . Robots Corrupted . | . . . . Combat Hostiles . | . . . . Parts Fried . | . . . . Impact Corruptions . | . . . . Robots Melted . | . . . . Combat Hostiles . | . . . . Parts Melted 1 | . 1 . . Heat Transferred 1018 | 75 943 . . Parts Sabotaged . | . . . . Parts Stolen . | . . . . Parts Stripped . | . . . . Power Chain Reactions . | . . . . Alert | -11 -10 -10 -10 ------- Run | Yrd Mat Min Exi Peak Influence 205 | 10 205 . . Initial 6 | . 6 . . Average 56 | 8 58 . . Maximum Alert Level 1 | . 1 . . Low Security (%) 98 | 100 97 100 . Level 1 1 | . 2 . . Level 2 . | . . . . Level 3 . | . . . . Level 4 . | . . . . Level 5 . | . . . . High Security . | . . . . Max Security . | . . . . Squads Dispatched 2 | . 2 . . Investigation 1 | . 1 . . Extermination . | . . . . Reinforcement 1 | . 1 . . Assault . | . . . . Garrison . | . . . . Intercept . | . . . . Searches Triggered . | . . . . Construction Impeded . | . . . . Haulers Reinforced . | . . . . Active Scanning Responses . | . . . . Cargo Convoy Interrupts . | . . . . Stealth | -11 -10 -10 -10 --------- Run | Yrd Mat Min Exi Distress Signals 1 | . 1 . . Communications Jammed . | . . . . Distress Signals . | . . . . Times Spotted 27 | . 24 . 3 Peak Tracking Total 4 | . 4 . 4 Tactical Retreats 2 | . 2 . . Traps | -11 -10 -10 -10 ------- Run | Yrd Mat Min Exi Traps Triggered 5 | . 5 . . Indirectly . | . . . . Trap Hack Attempts . | . . . . Triggered . | . . . . Disarmed . | . . . . Reprogrammed . | . . . . Reused . | . . . . Traps Extracted . | . . . . Installed . | . . . . Triggered . | . . . . Machines | -11 -10 -10 -10 ---------- Run | Yrd Mat Min Exi Machines Disabled 4 | . . . 4 Max in Single Turn 1 | . . . 1 Machines Repaired . | . . . . Machines Dismantled . | . . . . Machines Sabotaged . | . . . . Overloaded Fab Kills . | . . . . Hacking | -11 -10 -10 -10 --------- Run | Yrd Mat Min Exi Machines Accessed 12 | . 9 . 3 Terminals 7 | . 7 . . Fabricators . | . . . . Repair Stations . | . . . . Recycling Units 2 | . 2 . . Scanalyzers . | . . . . Garrison Access . | . . . . Total Hacks 79 | . 46 . 33 Successful 54 | . 21 . 33 Failed 24 | . 24 . . Catastrophic 1 | . 1 . . Database Lockouts 1 | . 1 . . Manual 37 | . 36 . 1 Terminals 34 | . 34 . . Fabricators . | . . . . Repair Stations . | . . . . Recycling Units 12 | . 12 . . Scanalyzers . | . . . . Garrison Access . | . . . . Terminal Hacks 42 | . 9 . 33 Record 32 | . . . 32 Robot Analysis 2 | . 2 . . Prototype ID Bank 2 | . 2 . . Locate Traps 2 | . 2 . . Recall Investigation 1 | . 1 . . Registered Prototypes 1 | . 1 . . Zone Layout 1 | . 1 . . Derelict Proto ID Bank 1 | . . . 1 Fabricator Hacks . | . . . . Repair Station Hacks . | . . . . Recycling Unit Hacks 2 | . 2 . . Retrieve Components 2 | . 2 . . Scanalyzer . | . . . . Garrison Access Hacks . | . . . . Unauthorized Hacks 10 | . 10 . . Terminals 6 | . 6 . . Track 1 | . 1 . . Assimilate 1 | . 1 . . Botnet 2 | . 2 . . Disrupt 1 | . 1 . . Operators 1 | . 1 . . Fabricators . | . . . . Repair Stations . | . . . . Recycling Units 4 | . 4 . . Reject 1 | . 1 . . Recyclers 1 | . 1 . . Mask 2 | . 2 . . Scanalyzers . | . . . . Garrison Access . | . . . . Data Cores Recovered . | . . . . Used . | . . . . Hacking Detections 9 | . 9 . . Full Trace Events 1 | . 1 . . Feedback Events . | . . . . Feedback Blocked . | . . . . Robot Schematics Acquired . | . . . . Robots Built . | . . . . Authchips . | . . . . Time . | . . . . Total Robot Build Rating . | . . . . Part Schematics Acquired . | . . . . Parts Built . | . . . . Authchips . | . . . . Time . | . . . . Total Part Build Rating . | . . . . Parts Repaired . | . . . . Time . | . . . . Parts Recycled . | . . . . Recycled Matter . | . . . . Retrieved Matter . | . . . . Retrieved Components 14 | . 14 . . Parts Scanalyzed . | . . . . Part Schematics Acquired . | . . . . Parts Damaged . | . . . . Bothacking | -11 -10 -10 -10 ------------ Run | Yrd Mat Min Exi Used RIF Installer . | . . . . Robots Hacked . | . . . . Non-combat . | . . . . Combat . | . . . . Robot Hacks Applied . | . . . . Relay Couplers Released . | . . . . Fabnet Peak Effective % . | . . . . Robots Rewired . | . . . . Allies Hacked . | . . . . Hacks Repelled . | . . . . Allies | -11 -10 -10 -10 -------- Run | Yrd Mat Min Exi Total Allies 1 | . 1 . . Largest Group 1 | . 1 1 1 Highest-Rated Group 10 | . 10 10 10 Highest-Rated Ally 10 | . 10 10 10 Total Orders 3 | . . . 3 STAY 2 | . . . 2 FOLLOW 1 | . . . 1 Ally Attacks . | . . . . Total Damage . | . . . . Kills . | . . . . Allies Corrupted . | . . . . Allies Melted . | . . . . Intel | -11 -10 -10 -10 ------- Run | Yrd Mat Min Exi Robot Analysis Total 2 | . 2 . . Derelict Logs Recovered . | . . . . Drone Launches . | . . . . Drone Recoveries . | . . . . Exploration | -11 -10 -10 -10 ------------- Run | Yrd Mat Min Exi Turns Passed 5207 | 41 1793 35 3338 Spaces Moved 2194 | 15 837 14 1328 Core . | . . . . Treads 2188 | 9 837 14 1328 Legs 6 | 6 . . . Wheels . | . . . . Hover . | . . . . Flight . | . . . . Fastest Speed 120 | 120 160 240 240 Average Speed 217 | 144 182 240 240 Slowest Speed 240 | 160 240 240 240 Overloaded Moves . | . . . . Propulsion Burnouts . | . . . . Robots Hopped . | . . . . Cave-ins Triggered . | . . . . Exploration Rate (%) 48 | 2 93 6 91 Regions Visited 3 Branch Regions 2 Pre-discovered Areas 1 | . . . 1 Known Exits Taken . | . . . . Unknown Exits Taken 3 | 1 1 1 . Scrap Searched . | . . . . Spaces Dug . | . . . . Terrain Destroyed 16 | . . . 16 Melee . | . . . . Projectile . | . . . . AOE 16 | . . . 16 Terrain Rammed . | . . . . Walls Destroyed . | . . . . Machines Disabled . | . . . . Actions | -11 -10 -10 -10 --------- Run | Yrd Mat Min Exi Total 2495 | 27 1019 16 1433 Wait 85 | . 68 3 14 Move 2191 | 14 836 13 1328 Hop . | . . . . Pick Up 58 | 4 29 . 25 Fast Attach 12 | 1 11 . . Attach 9 | 2 3 . 4 Detach . | . . . . Swap 9 | . 4 . 5 Drop 50 | 2 22 . 26 Fire 81 | 4 46 . 31 Melee . | . . . . Ram . | . . . . Kick . | . . . . Crush . | . . . . Escape Stasis . | . . . . Rewire . | . . . . Trap . | . . . . Miscellaneous . | . . . . Route ------- -11/Scrapyard -10/Materials (discovered 4 exits: [*Mat x3] / [*Min]) -10/Mines -10/Exiles (discovered 2 exits: [*Min x2]) History --------- Turn | Location | Event 4 | -11/Scrapyard | Discovered new exit (range 3) 42 | -11/Scrapyard | Entered Materials 329 | -10/Materials | Build established: Mutant 391 | -10/Materials | Discovered new exit (range 5) 556 | -10/Materials | Discovered new exit (range 11) 610 | -10/Materials | Central database locked down 725 | -10/Materials | Discovered new exit (range 13) 1219 | -10/Materials | Discovered new exit (range 4) 1835 | -10/Materials | Entered Mines 1835 | -10/Mines | Accompanied by 1 ally 1857 | -10/Mines | Deemed a non-threat by the Exiles lab entrance 1857 | -10/Mines | Discovered new exit (range 5) 1870 | -10/Mines | Entered Exiles 1870 | -10/Exiles | Accompanied by 1 ally 1906 | -10/Exiles | Discovered new exit (range 14) 1945 | -10/Exiles | Met 8R-AWN 1983 | -10/Exiles | Met EX-HEX 2103 | -10/Exiles | Met EX-DEC 2155 | -10/Exiles | Visited The Gauntlet 2413 | -10/Exiles | Learned location of Zion (-6) 2523 | -10/Exiles | Discovered new exit (range 10) 2794 | -10/Exiles | Met EX-BIN 2821 | -10/Exiles | Aligned with FarCom system 2823 | -10/Exiles | Given EX-Vault access code 2878 | -10/Exiles | Opened EX-Vault 2897 | -10/Exiles | Found Lightpack 2.0 2914 | -10/Exiles | Found XL Autogun Array 2963 | -10/Exiles | Warned to stay clear of 0b10 Research branches 4311 | -10/Exiles | Found Chronowheel 5114 | -10/Exiles | Attacked by the Exiles 5139 | -10/Exiles | Murdered 5 allies 5144 | -10/Exiles | Core integrity fell below 50% 5155 | -10/Exiles | Core integrity fell below 20% 5208 | -10/Exiles | Destroyed by 8R-AWN with 8R-AWN's Boregun Last Messages --------------- 05161_ Critical hit (Destroy). 05163_ Penetrated by HV Slug. 05168_ Lgt. Nuclear Core destroyed. 05170_ Penetrated by HV Slug. 05171_ The unstable cave ceiling collapses. 05172_ Penetrated by HV Slug. 05172_ HV Slug penetrates Wall. 05174_ Penetrated by HV Slug. 05183_ Critical hit (Destroy). 05187_ Penetrated by HV Slug. 05187_ Critical hit (Destroy). 05187_ Penetrated by HV Slug. 05192_ Lgt. Armor Plating destroyed. 05196_ Penetrated by HV Slug. 05200_ HV Slug penetrates Wall. 05200_ Penetrated by HV Slug. 05200_ Critical hit (Destroy). 05204_ Penetrated by HV Slug. 05207_ Destroyed Prototype Protection. 05208_ Penetrated by HV Slug. Map ----- +----------------------------------------------------+ | """#???????????????????????????????????? | | """#???????????????????????????????????? | | """#???????????????????????????????????? | | """##??????????????????????????????????? | | """""??????????????????????????????????? | | """##??????????????????????????????????? | | "X" """""??????????????????????????????????? | | """ #???????????????????????????????????? | | """""""""#???????????????????????????????????? | | ###########???????????????????????????????????? | | #?????????????????????????????????????????????? | | #?????????????????????????????????????????????? | | ##????????????????????????????????????????????? | | ##???###########?????????????????????????????? | | #####"""" """"##????????????????????????????? | | " """ """"##???????????????????????????? | | "" " #???????????????????????????? | | " """#???????????????????????????? | | a"#???????????#####???????????? | | "##?????????##" #???????????? | | "###???????#" #???????????? | | " ""#??????##" ##??????????? | | """ = #?##?### ###????????# | | ####""" /% # #?# ########## | | ???##""" !;;### #""""## | | ????#"""" !@### | | ???##"" g ! ## | | ####"""" ! ! #### | | #""" ! ""#?#"""""#### | | "" #"""##?#######??#### | | ######??????????????### | | #?????????????????????? | | ##?????????????????????? | | "" "" #??????????????????????? | | ##""" " " ""#" ???????????????????????? | | ######""" """# #???????????????????????? | | #????###""""### ### # ##????????????????????????? | | ####???######??#??# ##??????????????????????????? | | " #??????????????##????????????????????????????? | | #????????????????????????????????????????????? | | "#????????????????????????????????????????????? | | "" "#????????????????????????????????????????????? | | #####????????????????????????????????????????????? | | ?????????????????????????????????????????????????? | | ?????????????????????????????????????????????????? | | ?????????????????????????????????????????????????? | | ?????????????????????????????????????????????????? | | ?????????????????????????????????????????????????? | | ?????????????????????????????????????????????????? | | ?????????????????????????????????????????????????? | +----------------------------------------------------+ Best States ------------- Heat Dissipation 25 Energy Generation 14 Energy Capacity 160 Matter Stores 300 Matter Capacity 300 Sight Range 16 Terrain Scan Range 16 Terrain Scan Density 10 Armor Coverage 150 Evasion (%) 45 Targeting Accuracy 6 Recoil Reduction 2 Item Schematics ----------------- None Robot Schematics ------------------ None Fabricated ------------ Nothing Alien Tech Used ----------------- None Achievements -------------- None Challenges ------------ None Game ------ Seed RagnarokDeepStabilizer Manual? 0 Play Time 00:30:37 Cumulative 801.9 hours Start 2024.08.17 @ 16:09:12 End 2024.08.17 @ 16:58:32 Sessions 1 Manual Loads 0 Difficulty Rogue Special Mode None Game No. 530 Rogue 530 Adventurer 0 Explorer 0 Win Type - Total 115 Types 79/7/8/10/5/1/4/0/1 Lore% 72 Gallery% 81 Achievement% 82 Wizard Run 0 Options --------- Layout 1 ASCII 0 Keyboard 0 Movement Numpad Keybinds 0 Fullscreen 1 Font 24/Terminus Map View 50x35 Zoom Use 0% Tactical HUD 1 Map Filters NONE Filters NONE Steam 1 RUN: 1fcfccdd-8218-4692-b72a-7fdf0b4d1a69